 Dungeon Sprint DCSS version 0.29.1-2-gbd0b4ee654 (webtiles) character file.

Game seed: 8185282666960316457

1100000 raph the Severer (level 12, -5/74 HPs)
             Began as a Djinni Warper on Nov 30, 2022.
             Was a Follower of Makhleb.
             Slain by a meat berserker
             ... wielding a +9 battleaxe
              (79 damage)
             ... in the Dungeon (Sprint VIII: "Arena of Blood").
             The game lasted 00:00:27 (11 turns).

raph the Severer (Djinni Warper)                      Turns: 11, Time: 00:00:28

Health: -5/74      AC:  3    Str: 10    XL:     12   Next: 35%
Gold:   0          EV: 12    Int: 16    God:    Makhleb [*.....] SH:  0 Dex: 17

rFire   + + .      SeeInvis .   h - +∞ Axe of Woe
rCold   x . .      Faith    .   (shield currently unavailable)
rNeg    . . .      Spirit   .   a - +0 leather armour
rPois   ∞          Reflect  .   (no helmet)
rElec   .          Harm     .   (no cloak)
rCorr   .          Rampage  .   (no gloves)
Will    +....      NoTele   +   (boots unavailable)
Stlth   +.........              (no amulet)
HPRegen 0.22/turn               (no ring)
MPRegen 0.00/turn               (no ring)

@: flying
A: sickness immunity, fire resistance 2, cold vulnerability 1, float, innate
caster, HP casting, extra vitality 1
a: Renounce Religion


You were in the Dungeon.
You worshipped Makhleb.
Makhleb was aware of your devotion.
You visited 1 branch

Inventory:

Hand Weapons
 h - the +∞ Axe of Woe (weapon)
   (You found it in the Dungeon)
Missiles
 c - 7 boomerangs of dispersal (quivered)
Armour
 a - a +0 leather armour (worn)
Scrolls
 b - 2 scrolls of blinking
Potions
 d - a potion of curing
 e - a potion of heal wounds
 f - a potion of haste
 g - a potion of berserk rage


   Skills:
 - Level 2.0 Fighting
 + Level 17.7 Axes
 - Level 0.7 Throwing
 - Level 1.0 Armour
 - Level 2.1 Dodging
 - Level 2.0 Unarmed Combat
 + Level 16.6 Spellcasting


You had 14 spell levels left.
You knew the following spells:

 Your Spells              Type           Power      Damage    Failure   Level
a - Blink                 Tloc           100%       N/A       0%          2
b - Lesser Beckoning      Tloc           60%        N/A       1%          3
c - Gell's Gravitas       Tloc           60%        N/A       1%          3
d - Teleport Other        Tloc           60%        N/A       1%          3
e - Manifold Assault      Tloc           60%        N/A       1%          5
f - Shock                 Conj/Air       100%       1d9       0%          1
g - Static Discharge      Conj/Air       60%        3-11/arc  0%          2
h - Stone Arrow           Conj/Erth      100%       3d13      1%          3
i - Leda's Liquefaction   Hex/Erth       30%        N/A       1%          4
j - Passage of Golubria   Tloc           60%        N/A       1%          4
Your spell library was empty.

Dungeon Overview and Level Annotations

Branches:
Dungeon (1/1)

Altars:
Makhleb


Innate Abilities, Weirdness & Mutations

You are immune to sickness and miasma.
You are immune to poison.
Your flesh is very heat resistant. (rF++)
You are vulnerable to cold. (rC-)
You float through the air rather than walking.
You learn spells naturally, not from books.
Your magical power is your life essence.
You have superior vitality. (+4 MHP)


Message History

You feel clever.
You have reached level 9!
Your experience leads to an increase in your attributes!
Increase (S)trength, (I)ntelligence, or (D)exterity?
You feel agile. x2
The power to cast Leda's Liquefaction wells up from within.
Spell assigned to 'i'.
You have reached level 10!
You have reached level 11!
The power to cast Passage of Golubria wells up from within.
Spell assigned to 'j'. 6 bags of meat come into view.
The bag of meat shouts! x5; You hear a shout! x8
A bag of meat comes into view. It is wielding a +9 war axe.
You hear a shout! x8
Things that are here:
a +9 war axe; a +30 ring of slaying You slash the bag of meat!
You fatally mangle the bag of meat.
You kill the bag of meat!
Makhleb accepts your kill.
You can now gain health from killing.
You hear a shout! x9
The meat berserker rages.
You hear a shout!
A large bag of meat comes into view. It is wielding a +9 giant spiked club.
A bag of meat comes into view. It is wielding a +9 war axe.
You hear a shout!
You hear two shouts!
Your Axes skill gained 2 levels and is now at level 17!
Your Spellcasting skill gained 2 levels and is now at level 16!
You have reached level 12!
You feel clever.
The bag of meat shouts!
The large bag of meat shouts in stereo!
You slash the bag of meat!
You cleave the bag of meat in twain.
You kill the bag of meat!
Makhleb accepts your kill.
You hear a shout! x7
A bag of meat comes into view. It is wielding a +9 war axe.
You hear a shout! x6
The meat berserker hits you with a +9 battleaxe!!!!
Ouch! That really hurt!
You die...

#.. ...# . .###..
...###...
......###........
......_.........
#.....# .....
#_.<._#......
...#.....#......
......_.o.......
......###@.......
.###.....O.###...
#.......# ..
#.....oo#
...oo...o.
....o...o..
.oO........
.........o##


You could see a large bag of meat (inner flame), a meat berserker (berserk) and
10 bags of meat.

Vanquished Creatures
  3 orcs (D)
3 creatures vanquished.

Notes
Turn   | Place    | Note
-------+----------+-------------------------------------------
     0 | D        | Found the +∞ Axe of Woe
     0 | D        | raph the Djinni Warper began the quest for the Orb.
     0 | D        | raph set off with the following spells memorised: Blink,
                  | Lesser Beckoning, Gell's Gravitas, Teleport Other, Manifold
                  | Assault.
     0 | D        | Reached XP level 1. HP: 18/18 MP: 0/0
     3 | D        | Noticed a bag of meat
     3 | D        | Noticed a bag of meat
     4 | D        | Became a worshipper of Makhleb the Destroyer
     5 | D        | Noticed a bag of meat
     6 | D        | Noticed a bag of meat
     8 | D        | Killed a bag of meat
     8 | D        | Noticed a meat berserker
     9 | D        | Reached skill level 15 in Axes
     9 | D        | Reached XP level 2. HP: 23/23 MP: 0/0
     9 | D        | Reached XP level 3. HP: 28/28 MP: 0/0
     9 | D        | Learned a level 1 spell: Shock
     9 | D        | Reached XP level 4. HP: 33/33 MP: 0/0
     9 | D        | Reached XP level 5. HP: 38/38 MP: 0/0
     9 | D        | Learned a level 2 spell: Static Discharge
     9 | D        | Reached XP level 6. HP: 43/43 MP: 0/0
     9 | D        | Reached XP level 7. HP: 49/49 MP: 0/0
     9 | D        | Learned a level 3 spell: Stone Arrow
     9 | D        | Reached XP level 8. HP: 54/54 MP: 0/0
     9 | D        | Reached XP level 9. HP: 58/58 MP: 0/0
     9 | D        | Learned a level 4 spell: Leda's Liquefaction
     9 | D        | Reached XP level 10. HP: 64/64 MP: 0/0
     9 | D        | Reached XP level 11. HP: 68/68 MP: 0/0
     9 | D        | Learned a level 4 spell: Passage of Golubria
     9 | D        | Noticed a bag of meat
     9 | D        | Noticed a bag of meat
     9 | D        | Noticed a bag of meat
     9 | D        | Noticed a bag of meat
     9 | D        | Noticed a bag of meat
     9 | D        | Noticed a bag of meat
     9 | D        | Noticed a bag of meat
    10 | D        | Killed a bag of meat
    10 | D        | Reached * piety under Makhleb
    10 | D        | Noticed a large bag of meat
    10 | D        | Noticed a bag of meat
    11 | D        | Reached skill level 17 in Axes
    11 | D        | Reached XP level 12. HP: 74/74 MP: 0/0
    11 | D        | Killed a bag of meat
    11 | D        | Noticed a bag of meat
    11 | D        | Slain by a meat berserker

Illustrated notes

Levels and vault maps discovered:
D:        meatsprint

Skill      XL: |  1  2  3  4  5  6  7  8  9 10 11 |
---------------+----------------------------------+-----
Axes           | 15 17 | 17.7
Spellcasting   | 14 16 | 16.6
Fighting       | |  2.0
Throwing       | |  0.7
Armour         | |  1.0
Dodging        | |  2.1
Unarmed Combat | |  2.0

Action                   |  1- 3 |  4- 6 |  7- 9 | 10-12 || total
-------------------------+-------+-------+-------+-------++-------
Melee: Executioner's axe |     1 |       |       |     2 ||     3
